 Dungeon Crawl Stone Soup version 0.19-a0-1697-g0595f0e (webtiles) character file.

5040 4thArraOfDagon the Grappler (level 10, -5/91 HPs)
             Began as a Troll Wanderer on Sept 26, 2016.
             Was a High Priest of Okawaru.
             Slain by a shadow (27 damage)
             ... on level 11 of the Dungeon.
             The game lasted 00:11:23 (2578 turns).

4thArraOfDagon the Grappler (Troll Wanderer)        Turns: 2578, Time: 00:11:23

Health: -5/91      AC:  7    Str: 24      XL:     10   Next: 30%
Magic:  13/13      EV: 11    Int: 11      God:    Okawaru [*****.]
Gold:   260        SH: 17    Dex:  8 (9)  Spells: 0 memorised, 9 levels left

rFire  . . .     SeeInvis .       - Unarmed
rCold  . . .     Gourm    +     e - +0 robe
rNeg   . . .     Faith    .     z - +0 large shield
rPois  .         Spirit   .     (helmet restricted)
rElec  .         Dismiss  .     (no cloak)
rCorr  .         Reflect  .     (gloves unavailable)
MR     .....     Harm     .     (boots unavailable)
Stlth  ++........               (no amulet)
                                (no ring)
                                (no ring)

@: heroism
A: unfitting armour, claws 3, hooves 1, thin metallic scales 1, deformed body,
deterioration 1, fast metabolism 3, gourmand, mutation resistance 1,
regeneration 1, shaggy fur 1, strong 1, tough skin 2
a: Heroism, Finesse, Renounce Religion


You were on level 11 of the Dungeon.
You worshipped Okawaru.
Okawaru was extremely pleased with you.
You were very full.

You visited 2 branches of the dungeon, and saw 13 of its levels.

You collected 260 gold pieces.

Inventory:

Hand Weapons
 f - a +0 dagger
Missiles
 C - 5 large rocks (quivered)
Armour
 e - a +0 robe (worn)
 z - a +0 large shield (worn)
Jewellery
 q - an uncursed ring of fire
Wands
 u - a wand of flame (15/48)
 E - a wand of polymorph (21/24)
 H - a wand of confusion (4/48)
Scrolls
 a - 5 scrolls of blinking
 d - a scroll of magic mapping {unknown}
 i - a scroll of enchant weapon {unknown}
 k - a scroll of fog {unknown}
 l - a scroll of recharging {unknown}
 p - 3 scrolls of identify {unknown}
 s - a scroll of immolation {unknown}
 w - a scroll of brand weapon {unknown}
 x - a scroll of noise {unknown}
 y - 2 scrolls of enchant armour {unknown}
 A - a scroll of teleportation {unknown}
 F - a scroll of random uselessness {unknown}
 G - a scroll of holy word {unknown}
Potions
 b - 2 potions of berserk rage
 c - 2 potions of agility
 r - a potion of mutation {unknown}
 t - 3 potions of brilliance
 v - a potion of heal wounds {unknown}
 B - a potion of resistance {unknown}
 D - a potion of lignification {unknown}
Comestibles
 g - 8 bread rations
 h - 2 meat rations
 j - 2 slices of pizza
 o - 4 royal jellies


   Skills:
 + Level 3.3(8.3) Fighting
 - Level 1.5(6.5) Short Blades
 - Level 1.0(6.0) Throwing
 + Level 3.1(8.1) Dodging
 - Level 1.7(6.7) Stealth
 * Level 4.3(9.3) Shields
 * Level 11.0(16.0) Unarmed Combat
 + Level 6.6 Invocations


You had 9 spell levels left.
You didn't know any spells.

Dungeon Overview and Level Annotations

Branches:
Dungeon (12/15)            Temple (1/1) D:5
   Lair: D:8-11         Orc: D:9-12

Altars:
Dithmenos
Hepliaklqana
Kikubaaqudgha
Makhleb
Okawaru
Qazlal
Ru
Sif Muna
Zin
The Shining One


Innate Abilities, Weirdness & Mutations

You are too large for most types of armour.
You have claws for hands.
Your metabolism is lightning-fast.
You like to eat raw meat.
Your natural rate of healing is unusually fast.
You are covered in fur. (AC +1)
You have very tough skin. (AC +2)
You have large cloven feet.
You are partially covered in thin metallic scales. (AC +2)
Armour fits poorly on your strangely shaped body.
Your body sometimes deteriorates upon taking damage.
You are somewhat resistant to further mutation.
Your muscles are strong. (Str +2)


Message History

Unknown command.
You feel agile all of a sudden. The shadow completely misses you.
Unknown command.
It was a potion of brilliance.
You feel clever all of a sudden. The shadow closely misses you.
You see here a large rock.
Unknown command.
The shadow slips into darkness.
The shadow flickers and vanishes!
Deactivating autopickup; reactivate with Ctrl-A.
Unknown command.
Unknown command.
It was a potion of cancellation.
Your magical effects are unravelling.
You feel magically purged.
You feel a little less clever now.
You feel a little less agile now.
The shadow strikes at you from the darkness!
You die...

#... .. ... #.# #.# #.#
##.#.... #.# #(.#...# #.#
#(##...## #.# #C#.....
##.# #(#...# ...# #@#...
##)#############.#.# #
##>....[...........#.####
.%.#############(........
......# #..##.#####
......# ##### #..........
##....###...####...#.#####
#.................# #
#.#.####รท..######.#


You could see a cyclops.

Vanquished Creatures
  Pikel (D:6)
  An ugly thing (D:11)
  A cyclops (D:11)
  A gargoyle (D:11)
  The ghost of DungeonMaster the Covert, a novice SpAs of Gozag (D:6)
  A hippogriff (D:7)
  6 yaks (D:8)
  2 sky beasts
  4 phantoms
  3 orc warriors
  3 ogres
  A centaur (D:7)
  4 bullfrogs
  3 crimson imps
  2 quasits
  A centaur zombie (D:6)
  A gnoll shaman (D:5)
  3 orc priests
  A hound (D:7)
  A centaur skeleton (D:6)
  8 orc wizards
  4 worker ants
  3 gnolls (D:5)
  5 adders
  4 shadow imps
  An adder skeleton (D:4)
  A worm (D:2)
  3 dart slugs
  4 leopard geckos
  22 orcs
  3 bats
  5 giant cockroaches
  3 goblins
  2 hobgoblins
  9 jackals
  4 quokkas
  A ball python (D:2)
  2 frilled lizards
  4 kobolds
  A leopard gecko skeleton (D:4)
  A quokka skeleton (D:6)
  A quokka zombie (D:7)
  2 rats
134 creatures vanquished.

Vanquished Creatures (others)
  A sky beast (D:6)
  A shadow imp (D:6)
2 creatures vanquished.

Grand Total: 136 creatures vanquished

Notes
Turn   | Place    | Note
-------+----------+-------------------------------------------
     0 | D:1      | 4thArraOfDagon the Troll Wanderer began the quest for the Orb.
     0 | D:1      | 4thArraOfDagon set off with: a scroll of blinking, a potion of berserk rage, a potion of curing, a +0 short sword, a +0 robe, a +0 dagger, 2 bread rations
     0 | D:1      | Reached XP level 1. HP: 19/19 MP: 0/0
    92 | D:4      | Found a hazy altar of Hepliaklqana.
   113 | D:4      | Noticed a worker ant
   117 | D:4      | Killed a worker ant
   117 | D:4      | Reached skill level 2 in Unarmed Combat
   117 | D:4      | Reached XP level 2. HP: 26/27 MP: 1/1
   137 | D:4      | Reached skill level 3 in Unarmed Combat
   137 | D:4      | Reached XP level 3. HP: 31/33 MP: 2/2
   138 | D:4      | Noticed an ogre
   157 | D:5      | Entered Level 5 of the Dungeon
   310 | D:4      | Noticed a phantom
   394 | D:5      | Found a staircase to the Ecumenical Temple.
   410 | Temple   | Entered the Ecumenical Temple
   419 | Temple   | Became a worshipper of Warmaster Okawaru
   439 | D:5      | Reached XP level 4. HP: 41/41 MP: 3/3
   443 | D:5      | Reached skill level 1 in Invocations
   450 | D:5      | Reached skill level 4 in Unarmed Combat
   493 | D:5      | Noticed an ogre
   498 | D:5      | Noticed a sky beast
   544 | D:5      | Killed an ogre
   544 | D:5      | Reached * piety under Okawaru
   544 | D:5      | Reached XP level 5. HP: 48/48 MP: 3/5
   586 | D:6      | Noticed DungeonMaster's ghost (novice SpAs)
   588 | D:6      | Noticed a sky beast
   590 | D:6      | Reached skill level 5 in Unarmed Combat
   623 | D:5      | Killed a sky beast
   623 | D:5      | Reached XP level 6. HP: 29/55 MP: 6/6
   737 | D:4      | Reached skill level 6 in Unarmed Combat
   827 | D:4      | Reached XP level 7. HP: 15/62 MP: 5/8
   935 | D:3      | Found an ancient bone altar of Kikubaaqudgha.
  1046 | D:2      | Reached skill level 7 in Unarmed Combat
  1098 | D:2      | Reached ** piety under Okawaru
  1227 | D:6      | Noticed Pikel
  1235 | D:6      | Killed Pikel
  1235 | D:6      | Reached skill level 8 in Unarmed Combat
  1235 | D:6      | Reached XP level 8. HP: 58/70 MP: 6/10
  1330 | D:6      | Killed DungeonMaster's ghost
  1330 | D:6      | Reached skill level 9 in Unarmed Combat
  1330 | D:6      | Reached skill level 5 in Invocations
  1409 | D:6      | Reached *** piety under Okawaru
  1464 | D:7      | Noticed a hippogriff
  1473 | D:7      | Killed a hippogriff
  1473 | D:7      | Reached skill level 1 in Dodging
  1476 | D:7      | Reached XP level 9. HP: 26/76 MP: 9/12
  1563 | D:7      | Found a sacrificial altar of Ru.
  1717 | D:6      | Reached skill level 10 in Unarmed Combat
  1954 | D:8      | Found a glowing silver altar of Zin.
  1954 | D:8      | Noticed an angel
  1984 | D:8      | Reached **** piety under Okawaru
  2091 | D:8      | Gained mutation: Your body sometimes deteriorates upon taking damage. [mutagenic meat]
  2094 | D:8      | Gained mutation: Armour fits poorly on your strangely shaped body. [mutagenic meat]
  2097 | D:8      | Gained mutation: Your muscles are strong. (Str +2) [mutagenic meat]
  2100 | D:8      | Gained mutation: You are somewhat resistant to further mutation. [mutagenic meat]
  2147 | D:8      | Received a gift from Okawaru
  2313 | D:9      | Reached XP level 10. HP: 86/89 MP: 13/13
  2354 | D:10     | Entered Level 10 of the Dungeon
  2437 | D:11     | Noticed a gargoyle
  2445 | D:11     | Killed a gargoyle
  2496 | D:12     | Noticed a seven-headed hydra
  2521 | D:11     | Noticed a red ugly thing
  2529 | D:11     | Killed a red ugly thing
  2529 | D:11     | Reached ***** piety under Okawaru
  2536 | D:11     | Gained mutation: You have large cloven feet. [mutagenic meat]
  2539 | D:11     | Gained mutation: You are partially covered in thin metallic scales. (AC +2) [mutagenic meat]
  2557 | D:11     | Noticed a cyclops
  2558 | D:11     | Noticed a cyclops
  2569 | D:11     | Killed a cyclops
  2569 | D:11     | Reached skill level 11 in Unarmed Combat
  2578 | D:11     | Slain by a shadow

Vault maps used:
D:1:      saegor_arrival_fortress, st_stairs_13, minmay_nonomino_d4
D:3:      kennysheep_goblin_castle, lemuel_crystal_altar
D:4:      lemuel_crystal_altar, first_bread
D:5:      cheibriados_altar_1, kennysheep_generic_room_16
D:6:      tgw_xom, uniq_pikel, uniq_edmund
D:7:      nicolae_ru_great_annihilating_truth
D:8:      zin_angel, nicolae_ashenzari_panopticon
D:9:      nicolae_overflow_crystal_walls, minmay_misc_feat_roman, uniq_gastronok
D:11:     david_lair_shrubbed, grunt_livestock
D:12:     zombieorc1_lemuel
Temple:   dshaligram_water_room_temple

Skill      XL: |  1  2  3  4  5  6  7  8  9 10 |
---------------+-------------------------------+-----
Unarmed Combat | 2 3 4 5 6 8 9 10 11 | 11.0
Invocations    | 1 2 3 4 5 6 |  6.6
Dodging        | 1 2 3 |  3.1
Fighting       | 2 3 |  3.3
Shields        | 3 4 |  4.3
Short Blades   | |  1.5
Throwing       | |  1.0
Stealth        | |  1.7

Action                   |  1- 3 |  4- 6 |  7- 9 | 10-12 || total
-------------------------+-------+-------+-------+-------++-------
Melee: Unarmed           |    58 |    89 |   304 |    24 ||   475
       Punch             |     3 |     5 |     8 |       ||    16
       Kick              |       |       |       |     2 ||     2
Throw: Throwing net      |       |     2 |       |     1 ||     3
Invok: Heroism           |       |     6 |     9 |     3 ||    18
  Use: Potion            |       |     2 |       |     3 ||     5
 Stab: Held in net/web   |       |     3 |       |     1 ||     4
       Sleeping          |       |       |     2 |       ||     2
  Eat: Chunk             |     6 |     5 |    18 |     7 ||    36
       Beef jerky        |       |       |     1 |       ||     1
Armor: Robe              |    22 |    21 |    78 |     1 ||   122
Dodge: Dodged            |    38 |    29 |    93 |     5 ||   165
Block: Large shield      |       |       |    50 |    16 ||    66
